 Dungeon Crawl Stone Soup version 0.23.2-1-ga50397a6bc (webtiles) character file.

Game seed: 3344134702947922199

1666 Gumption the Vexing (level 8, -1/39 HPs)
             Began as a Spriggan Enchanter on May 27, 2019.
             Was an Initiate of Gozag.
             Killed by divine providence
             ... invoked by an orc priest
              (15 damage)
             ... on level 6 of the Dungeon on May 28, 2019.
             The game lasted 01:15:22 (12117 turns).

Gumption the Vexing (Spriggan Enchanter)           Turns: 12117, Time: 01:15:23

Health: -1/39      AC:  4    Str:  4    XL:     8   Next: 69%
Magic:  1/16       EV: 21    Int: 18    God:    Gozag
Gold:   917        SH:  0    Dex: 17    Spells: 8/16 levels left

rFire    . . .     SeeInvis +   a - +2 dagger
rCold    . . .     Gourm    .   (shield restricted)
rNeg     . . .     Faith    .   b - +0 robe
rPois    .         Spirit   .   s - +2 hat
rElec    .         Reflect  .   (no cloak)
rCorr    .         Harm     .   (gloves unavailable)
MR       +....                  (boots unavailable)
Stlth    ++++......             (no amulet)
HPRegen  0.13/turn              (no ring)
MPRegen  0.15/turn              (no ring)

@: gold aura, very quick
A: very small, unfitting armour, see invisible, herbivore, speed 3, slow
metabolism 2
a: Potion Petition, Call Merchant, Bribe Branch, Renounce Religion


You were on level 6 of the Dungeon.
You worshipped Gozag.
Gozag was pleased with you.
You were not hungry.

You visited 2 branches of the dungeon, and saw 7 of its levels.

You collected 947 gold pieces.
You paid 30 gold pieces to Gozag.

Inventory:

Hand Weapons
 a - a +2 dagger (weapon)
Missiles
 d - 249 stones
 h - 6 tomahawks (quivered)
Armour
 b - a +0 robe (worn)
 s - a +2 hat (worn)
Jewellery
 f - a +2 ring of evasion {unknown}
 q - an uncursed ring of wizardry {unknown}
Wands
 c - a wand of digging (2)
 m - a wand of acid (9)
 t - a wand of random effects (25)
Scrolls
 i - 2 scrolls of teleportation
 k - a scroll of enchant weapon
 o - a scroll of magic mapping
 p - a scroll of fear
Potions
 g - 2 potions of invisibility
 j - 2 potions of ambrosia
 l - a potion of heal wounds
 n - a potion of curing
 r - a potion of agility {unknown}
 u - a potion of flight {unknown}
Comestibles
 e - 5 rations


   Skills:
 * Level 2.8 Fighting
 + Level 4.0 Short Blades
 + Level 6.0 Dodging
 + Level 7.2 Stealth
 + Level 4.9 Spellcasting
 * Level 7.3 Hexes
 * Level 4.1 Ice Magic


You had 8 spell levels left.
You knew the following spells:

 Your Spells              Type           Power        Failure   Level  Hunger
a - Ensorcelled Hibernat  Hex/Ice        ####..       1%          2    #......
c - Confuse               Hex            ####....     1%          3    ###....
d - Tukima's Dance        Hex            ####....     1%          3    ###....

Your spell library contained the following spells:

 Spells                   Type           Power        Failure   Level  Hunger
 Corona                   Hex            ####...      1%          1    None
 Dazzling Spray           Conj/Hex       ###...       9%          3    ###....


Dungeon Overview and Level Annotations

Branches:
Dungeon (6/15)             Temple (1/1) D:5

Altars:
Ashenzari
Cheibriados
Dithmenos
Fedhas
Gozag
Hepliaklqana
Kikubaaqudgha
Makhleb
Nemelex Xobeh
Okawaru
Qazlal
Ru
Sif Muna
Uskayaw
Vehumet
Wu Jian
Xom
Yredelemnul
Zin
The Shining One

Shops:
D:5 (

Annotations:
D:2 Terence


Innate Abilities, Weirdness & Mutations

You are very small and have problems with some larger weapons.
You are too small for most types of armour.
You have supernaturally acute eyesight. (SInv)
You are a herbivore.
You cover ground extremely quickly.
You need to consume almost no food.


Message History

The orc priest resists with significant effort.
Your +0 whip hits the orc priest but does no damage.
The orc priest completely misses you.
Your +0 whip hits the orc priest.
Casting: Ensorcelled Hibernation (safe; 1% risk of failure)
Confirm with . or Enter, or press ? or * to list all spells.
You don't have enough magic to cast that spell.
Casting: Ensorcelled Hibernation (safe; 1% risk of failure)
Confirm with . or Enter, or press ? or * to list all spells.
You don't have enough magic to cast that spell.
The orc priest misses you.
You hit the orc priest but do no damage.
The orc priest is moderately wounded.
The orc priest completely misses you.
Your +0 whip hits the orc priest.
You hit the orc priest.
The orc priest is almost dead.
The orc priest mumbles some strange prayers to Beogh against you.
Beogh smites you!
You die...
Your body crumbles into a pile of gold.

...#.#.......<#.......##
................#.....#
#.............##....## ..
#$.................# ##.##
#..................#
#....###..................##
##......##.................##
..............(........###..###
..........#....o@...#..# #....###
.........####.......#..# ##......
..........###$......#..## #..#>..
.........###...)........###.###.#
..##...#............#..#..#......
##.###.##.........##.#....###..
#..######..).....###<.....###.#
##..####........## #......##...
##...#..#.......###......###..


You could see an orc priest and a friendly +0 whip.

Vanquished Creatures
  A wraith (D:5)
  Eustachio (D:4)
  An orc warrior (D:6)
  2 ogres
  A centaur (D:6)
  A scorpion (D:5)
  A crimson imp (D:6)
  A quasit (D:6)
  2 bullfrog zombies (D:5)
  3 hounds
  A centaur skeleton (D:5)
  A jelly (D:5)
  An orc wizard (D:5)
  2 orc priests
  4 iguanas
  6 worker ants
  A hound skeleton (D:4)
  Robin (D:4)
  2 worker ant zombies (D:5)
  6 gnolls (D:5)
  7 adders
  A shadow imp (D:5)
  An ooze (D:3)
  An adder skeleton (D:5)
  2 worms
  2 dart slugs
  7 leopard geckos
  13 orcs
  5 giant cockroaches
  15 goblins
  14 hobgoblins
  5 jackals (D:3)
  10 kobolds
  6 quokkas
  5 ball pythons
  9 bats
  3 frilled lizards
  A leopard gecko skeleton (D:4)
  A quokka skeleton (D:4)
  A quokka zombie (D:5)
  9 rats
157 creatures vanquished.

Vanquished Creatures (collateral kills)
  A crimson imp (D:5)
  6 gnolls
7 creatures vanquished.

Vanquished Creatures (others)
  3 dancing weapons
3 creatures vanquished.

Grand Total: 167 creatures vanquished

Notes
Turn   | Place    | Note
-------+----------+-------------------------------------------
     0 | D:1      | Gumption the Spriggan Enchanter began the quest for the
                  | Orb.
     0 | D:1      | Reached XP level 1. HP: 9/9 MP: 5/5
   759 | D:1      | Reached XP level 2. HP: 13/13 MP: 4/6
   898 | D:1      | Learned a level 2 spell: Ensorcelled Hibernation
  1860 | D:2      | Reached XP level 3. HP: 16/16 MP: 8/8
  1870 | D:2      | Learned a level 3 spell: Confuse
  2691 | D:2      | Reached skill level 1 in Ice Magic
  2701 | D:2      | Noticed Terence
  2948 | D:2      | Reached XP level 4. HP: 21/21 MP: 9/9
  3111 | D:2      | Learned a level 3 spell: Tukima's Dance
  3120 | D:3      | Found a glowing golden altar of the Shining One.
  3203 | D:3      | Found an opulent altar of Gozag.
  3217 | D:3      | Became a worshipper of Gozag Ym Sagoz the Greedy
  3808 | D:3      | Reached skill level 5 in Stealth
  4966 | D:4      | Reached XP level 5. HP: 24/24 MP: 2/10
  5160 | D:4      | Reached skill level 5 in Hexes
  5198 | D:4      | Noticed Robin
  5397 | D:4      | Noticed Eustachio
  6121 | D:4      | Killed Robin
  6758 | D:4      | Killed Eustachio
  6758 | D:4      | Reached XP level 6. HP: 19/28 MP: 6/12
  7263 | D:5      | Entered Level 5 of the Dungeon
  7880 | D:5      | Found Noddu's Weapon Shoppe.
  7937 | D:5      | Reached XP level 7. HP: 30/32 MP: 6/13
  8005 | D:5      | Found a staircase to the Ecumenical Temple.
  8111 | Temple   | Entered the Ecumenical Temple
  8522 | D:5      | Reached skill level 5 in Dodging
  8559 | D:5      | Reached skill level 1 in Fighting
  9451 | D:5      | Reached XP level 8. HP: 39/39 MP: 3/15
 10365 | D:5      | Found a staircase to the Ecumenical Temple.
 11128 | D:5      | Found Noddu's Weapon Shoppe.
 12117 | D:6      | Killed from afar by an orc priest

Skill      XL: |  1  2  3  4  5  6  7  8 |
---------------+-------------------------+-----
Hexes          | 4 5 6 7 |  7.3
Spellcasting   | 3 4 |  4.9
Ice Magic      | 1 2 3 4 |  4.1
Stealth        | 5 6 7 |  7.2
Short Blades   | 2 3 4 |  4.0
Dodging        | 4 5 6 |  6.0
Fighting       | 1 2 |  2.8

Action                   |  1- 3 |  4- 6 |  7- 9 || total
-------------------------+-------+-------+-------++-------
Melee: Dagger            |   140 |   149 |   140 ||   429
Throw: Tomahawk          |    24 |     7 |       ||    31
       Stone             |     2 |       |       ||     2
 Cast: Corona            |    45 |       |       ||    45
       Ensorcelled Hiber |     2 |    55 |    55 ||   112
       Confuse           |       |     6 |    29 ||    35
       Tukima's Dance    |       |       |    17 ||    17
  Use: Scroll            |       |    10 |     2 ||    12
 Stab: Sleeping          |    11 |    52 |    31 ||    94
       Confused          |       |     3 |    14 ||    17
       Distracted        |       |       |     1 ||     1
  Eat: Ration            |       |     4 |     4 ||     8
Armor: Robe              |     9 |     7 |    11 ||    27
Dodge: Dodged            |   129 |   100 |   104 ||   333
